 Dungeon Crawl Stone Soup version 0.17-a0-2093-gc772f4b (webtiles) character file.

20421 Ordine the Bludgeoner (level 12, -12/115 HPs)
             Began as a Minotaur Berserker on Oct 16, 2015.
             Was a High Priest of Trog.
             Killed from afar by an ice statue (32 damage)
             ... with a shard of ice
             ... in an ice cave.
             The game lasted 00:46:18 (14234 turns).

Ordine the Bludgeoner (Minotaur Berserker)         Turns: 14234, Time: 00:46:18

Health: -12/115    AC: 21    Str: 27    XL:     12   Next: 45%
Magic:  11/11      EV:  9    Int:  4    God:    Trog [*****.]
Gold:   222        SH:  0    Dex: 10    Spells: 0 memorised, 11 levels left

rFire  + + .     SeeInvis +     D - +3 eveningstar (drain)
rCold  + . .     Clarity  .     b - +4 plate armour {rF+}
rNeg   + . .     SustAt   .     (no shield)
rPois  +         Gourm    .     (helmet restricted)
rElec  +         Spirit   .     v - +0 cloak {MR+}
rCorr  +         Warding  +     (no gloves)
rMut   .         Stasis   .     (no boots)
MR     +++..                    n - amulet of warding
Stlth  ..........               i - ring of poison resistance
                                u - ring of see invisible

@: resistant, regenerating, extremely resistant to hostile enchantments,
extremely unstealthy
A: retaliatory headbutt, horns 2
a: Burn Spellbooks, Berserk, Trog's Hand, Brothers in Arms, Renounce Religion


You were in an ice cave.
You worshipped Trog.
Trog was extremely pleased with you.
You were hungry.

You visited 3 branches of the dungeon, and saw 14 of its levels.
You also visited: Ice Cave.

You collected 703 gold pieces.
You spent 481 gold pieces at shops.

Inventory:

Hand Weapons
 D - a +3 eveningstar of draining (weapon)
Armour
 b - a +4 plate armour of fire resistance (worn)
 v - a +0 cloak of magic resistance (worn)
Jewellery
 i - a ring of poison resistance (right hand)
 n - an amulet of warding (around neck)
 u - a ring of see invisible (left hand)
Wands
 l - a wand of disintegration (9)
 o - a wand of cold (8)
Scrolls
 e - 3 scrolls of teleportation
 f - 3 scrolls of fear
 k - a scroll of blinking
 p - a scroll of identify
 r - a scroll of holy word
 C - 3 scrolls of remove curse
Potions
 g - 3 potions of might
 h - 4 potions of haste
 m - 2 potions of heal wounds
 s - 2 potions of agility
Comestibles
 c - a meat ration
 j - 29 fruits


   Skills:
 * Level 13.3 Fighting
 - Level 16.0 Maces & Flails
 + Level 12.7 Armour
 - Level 3.0 Dodging


You had 11 spell levels left.
You didn't know any spells.

Dungeon Overview and Level Annotations

Branches:
Dungeon (9/15)             Temple (1/1) D:7            Lair (4/8) D:8
    Orc (0/4) D:9
  Swamp: Lair:3-6    Shoals: Lair:3-6     Snake: Lair:3-6    Spider: Lair:3-6

Altars:
Ashenzari
Cheibriados
Dithmenos
Elyvilon
Fedhas
Gozag
Kikubaaqudgha
Makhleb
Nemelex Xobeh
Okawaru
Qazlal
Ru
Sif Muna
Trog
Vehumet
Xom
Yredelemnul
Zin
The Shining One

Shops:
D:5 =[%   D:9 [

Annotations:
IceCv exclusion: 2 ice statues


Innate Abilities, Weirdness & Mutations

You reflexively headbutt those who attack you in melee.
You have a pair of horns on your head.


Message History

You feel much better. The ice statue throws ice at you.
The shard of ice hits you!
* * * LOW HITPOINT WARNING * * *
The ice beast's attack is warded away.
The ice beast hits you but does no damage.
Drink which item? (? for menu, Esc to quit)
You feel protected. The ice statue throws cold at you.
The freezing blast engulfs the ice beast.
The ice beast completely resists.
The ice beast's attack is warded away.
The ice beast hits you but does no damage.
Unknown command.
Unknown command.
Evoke which item? (* to show all) (? for menu, Esc to quit)
Okay, then.
The ice beast's attack is warded away. x2
The ice statue throws ice at you. The shard of ice hits you!
You partially resist.
You die...

###########
##.........##
#...8.=.8...#
##....%.§§§..##
#......$.§§Y..#
#....8..§8YY..#
#.........§@..#
##...........##
#...........#
#...........#
##.........##
##...∩...##
##.....##
#######


You could see 2 ice statues and 3 ice beasts.

Vanquished Creatures
  Maud (Lair:3)
  Fannar (Lair:2)
  3 hydras
  Pikel (D:7)
  A necromancer (Lair:3)
  4 black mambas
  6 spiny frogs
  A komodo dragon (Lair:3)
  A fire drake (Lair:3)
  9 blink frogs
  14 yaks
  2 basilisks
  3 hippogriffs
  Menkaure (D:7)
  Edmund (D:6)
  5 porcupines
  Duvessa (D:7)
  6 water moccasins
  2 sky beasts
  2 orc warriors
  7 ice beasts (IceCv)
  2 black bears
  A centaur (D:6)
  3 phantoms
  3 ogres
  A wasp (D:9)
  2 big kobolds
  A necrophage (D:9)
  4 crocodiles
  A komodo dragon zombie (Lair:3)
  10 giant frogs
  A gnoll sergeant (D:8)
  Dowan (D:7)
  2 jellies
  5 scorpions
  6 killer bees (D:8)
  11 wights
  3 crimson imps
  3 hounds
  A centaur zombie (D:8)
  Crazy Yiuf (D:7)
  A basilisk zombie (Lair:3)
  8 orc priests
  16 orc wizards
  2 centaur skeletons
  4 giant frog skeletons
  5 iguanas
  9 worker ants
  Robin (D:3)
  8 adders
  27 river rats
  10 gnolls
  A shadow imp (D:6)
  12 white imps (Lair:4)
  2 oozes
  An adder skeleton (D:4)
  A worm (D:2)
  4 giant geckos
  57 orcs
  3 ball pythons
  7 giant cockroaches
  18 goblins
  5 hobgoblins
  15 jackals
  2 quokkas
  7 bats
  A giant cockroach zombie (D:6)
  3 giant newts
  21 kobolds
  2 quokka skeletons
  A quokka zombie (D:7)
  11 rats
399 creatures vanquished.

Vanquished Creatures (collateral kills)
  A giant cockroach (D:6)
1 creature vanquished.

Vanquished Creatures (others)
  2 slaves (D:7)
  A hound zombie (D:7)
  A fungus (D:7)
4 creatures vanquished.

Grand Total: 404 creatures vanquished

Notes
Turn   | Place    | Note
--------------------------------------------------------------
     0 | D:1      | Ordine the Minotaur Berserker began the quest for the Orb.
     0 | D:1      | Reached XP level 1. HP: 19/19 MP: 0/0
    98 | D:1      | Lost intelligence.
   193 | D:1      | Reached skill level 4 in Maces & Flails
   244 | D:1      | Reached XP level 2. HP: 21/26 MP: 1/1
   821 | D:2      | Reached skill level 5 in Maces & Flails
   896 | D:2      | Reached ** piety under Trog
   897 | D:2      | Reached XP level 3. HP: 28/31 MP: 2/2
  1289 | D:2      | Reached XP level 4. HP: 36/39 MP: 3/3
  1350 | D:2      | Reached skill level 6 in Maces & Flails
  1535 | D:3      | Reached *** piety under Trog
  1974 | D:3      | Reached skill level 7 in Maces & Flails
  1974 | D:3      | Reached XP level 5. HP: 25/45 MP: 4/4
  1998 | D:3      | Noticed Robin
  2009 | D:3      | Killed Robin
  2246 | D:3      | Found a glowing golden altar of the Shining One.
  2809 | D:4      | Found a bloodstained altar of Trog.
  2892 | D:4      | Noticed a phantom
  2912 | D:4      | Killed a phantom
  2912 | D:4      | Reached skill level 8 in Maces & Flails
  2912 | D:4      | Reached XP level 6. HP: 36/51 MP: 5/5
  3353 | D:4      | Reached skill level 9 in Maces & Flails
  3664 | D:4      | Reached **** piety under Trog
  3812 | D:5      | Entered Level 5 of the Dungeon
  3829 | D:5      | Reached XP level 7. HP: 55/57 MP: 6/6
  3920 | D:5      | Reached skill level 10 in Maces & Flails
  3955 | D:5      | Found Zatsat's Armour Shop.
  3996 | D:5      | Found Remmuj's Food Boutique.
  4004 | D:5      | Found Pykod's Jewellery Shop.
  4023 | D:5      | Bought an uncursed ring of see invisible for 195 gold pieces
  4025 | D:5      | Bought a cursed amulet of inaccuracy for 26 gold pieces
  4383 | D:5      | Reached skill level 11 in Maces & Flails
  4934 | D:6      | Found a deep blue altar of Sif Muna.
  4941 | D:6      | Reached XP level 8. HP: 48/64 MP: 7/7
  5102 | D:6      | Found an iron altar of Okawaru.
  5104 | D:6      | Found a shadowy altar of Dithmenos.
  5376 | D:6      | Noticed Edmund
  5387 | D:6      | Killed Edmund
  5387 | D:6      | Reached skill level 12 in Maces & Flails
  5735 | D:7      | Found a staircase to the Ecumenical Temple.
  5761 | D:7      | Reached skill level 13 in Maces & Flails
  5771 | Temple   | Entered the Ecumenical Temple
  6114 | D:7      | Noticed Menkaure
  6121 | D:7      | Killed Menkaure
  6323 | D:7      | Noticed Pikel
  6336 | D:7      | Killed Pikel
  6336 | D:7      | Reached skill level 14 in Maces & Flails
  6336 | D:7      | Reached XP level 9. HP: 19/70 MP: 8/8
  6764 | D:7      | Noticed Dowan
  6765 | D:7      | Noticed Duvessa
  6771 | D:7      | Killed Duvessa
  6777 | D:7      | Killed Dowan
  6816 | D:7      | Noticed Crazy Yiuf
  6820 | D:7      | Killed Crazy Yiuf
  6820 | D:7      | Reached skill level 15 in Maces & Flails
  6979 | D:7      | Reached ***** piety under Trog
  7634 | D:8      | Reached skill level 16 in Maces & Flails
  8012 | D:8      | Reached skill level 5 in Fighting
  8012 | D:8      | Reached XP level 10. HP: 81/81 MP: 9/9
  8085 | D:8      | Found a blossoming altar of Fedhas.
  8089 | D:8      | Found a stormy altar of Qazlal.
  8237 | D:8      | Found a bloodstained altar of Trog.
  8268 | D:8      | Found a staircase to the Lair.
  8454 | Lair:1   | Entered Level 1 of the Lair of Beasts
  8908 | D:9      | Found Yhael's Armour Shop.
  9192 | D:9      | Found a staircase to the Orcish Mines.
  9374 | D:9      | Noticed a five-headed hydra
  9379 | D:9      | Killed a five-headed hydra
  9840 | D:9      | Reached skill level 10 in Fighting
 10392 | D:5      | Bought an uncursed ring of poison resistance for 260 gold pieces
 10714 | Lair:1   | Reached skill level 5 in Armour
 11199 | Lair:1   | Noticed a black mamba
 11206 | Lair:1   | Killed a black mamba
 11206 | Lair:1   | Reached XP level 11. HP: 96/99 MP: 10/10
 11714 | Lair:2   | Found a glowing golden altar of the Shining One.
 12116 | Lair:2   | Received a gift from Trog
 12194 | Lair:2   | Noticed Fannar
 12204 | Lair:2   | Killed Fannar
 12204 | Lair:2   | Reached skill level 10 in Armour
 12522 | Lair:2   | Noticed an eight-headed hydra
 12530 | Lair:2   | Killed an eight-headed hydra
 12874 | Lair:3   | Noticed Maud
 12891 | Lair:3   | Killed Maud
 13047 | Lair:3   | Reached XP level 12. HP: 107/112 MP: 11/11
 13409 | Lair:3   | Noticed a necromancer
 13411 | Lair:3   | Killed a necromancer
 13781 | Lair:3   | Noticed a seven-headed hydra
 13789 | Lair:3   | Killed a seven-headed hydra
 14097 | Lair:4   | Found a frozen archway.
 14150 | IceCv    | Entered an ice cave
 14234 | IceCv    | Killed from afar by an ice statue

Vault maps used:
D:1:      evilmike_arrival_crescent, minmay_distorted
D:2:      minmay_goblin_kobold_house
D:3:      tso_altar, uniq_robin
D:4:      bloody_trog
D:5:      first_bread, serial_shops, shop_fountains, shop, shop_statue
D:6:      nicolae_overflow_hidden_temple, uniq_edmund
D:7:      minmay_temple_entry_statues_fountains, uniq_menkaure, uniq_pikel,
          uniq_crazy_yiuf_cottage, uniq_duvessa
D:8:      grunt_temple_overflow_forces_of_nature, lair_0_dummy, basic_altar
D:9:      hiddenorc2_lemuel, serial_shops, shop, blue_anna_alchemist,
          hangedman_corner_corridor
Temple:   minmay_crystal_spiral_temple_12
Lair:2:   basic_altar, uniq_fannar
Lair:3:   pond_and_an_island_with_a_cottage, infiniplex_staircase_pool_2,
          uniq_maud
Lair:4:   minmay_shoals_entry_hut, portal_ice_cave_entry_imps, st_stairs_8,
          lemuel_fruit_tree, uniq_urug
IceCv:    ice_cave_statue_garden_01

Action                   |  1- 3 |  4- 6 |  7- 9 | 10-12 || total
-------------------------+-------+-------+-------+-------++-------
Melee: Mace              |    87 |    69 |       |       ||   156
       Flail             |       |    35 |       |       ||    35
       Morningstar       |       |    24 |   300 |   350 ||   674
       Eveningstar       |       |       |       |   194 ||   194
Invok: Berserk           |       |     1 |     3 |     9 ||    13
       Trog's Hand       |       |       |     3 |     9 ||    12
       Burn Spellbooks   |       |       |       |     3 ||     3
  Use: Scroll            |     7 |     5 |    12 |     3 ||    27
       Potion            |       |       |     2 |     5 ||     7
  Eat: Chunk             |     3 |    11 |    15 |    20 ||    49
       Beef jerky        |       |       |     1 |     1 ||     2
       Fruit             |       |       |       |     5 ||     5
       Bread ration      |       |       |       |     1 ||     1
